 Dungeon Crawl Stone Soup version 0.29.0-4-gdea44cf6ec (webtiles) character file.

Game seed: 12639487006327708294

56 qw the Chopper (level 3, -3/21 HPs)
             Began as a Tengu Warper on Aug 28, 2022.
             Slain by Terence
             ... wielding a +6 mace of holy wrath
              (6 damage)
             ... on level 2 of the Dungeon.
             The game lasted 00:00:10 (1864 turns).

qw the Chopper (Tengu Warper)                       Turns: 1864, Time: 00:00:10

Health: -3/21      AC:  9    Str: 13    XL:     3   Next: 97%
Magic:  7/7        EV:  6    Int: 13    God:
Gold:   81         SH:  0    Dex: 13    Spells: 6/6 levels left

rFire   . . .      SeeInvis .   Y - +0 war axe
rCold   . . .      Faith    .   (no shield)
rNeg    . . .      Spirit   .   m - +0 chain mail
rPois   .          Reflect  .   (helmet restricted)
rElec   .          Harm     .   (no cloak)
rCorr   .          Rampage  .   k - +0 pair of gloves
Will    .....                   (boots unavailable)
Stlth   ..........              (no amulet)
HPRegen 0.07/turn               (no ring)
MPRegen 0.10/turn               (no ring)

@: no status effects
A: beak, talons 3
a: no special abilities


You were on level 2 of the Dungeon.
You visited 1 branch of the dungeon, and saw 2 of its levels.

You collected 81 gold pieces.


Innate Abilities, Weirdness & Mutations

You have a beak for a mouth.
You have claws for feet.


   Skills:
 - Level 2.0 Fighting
 + Level 4.5 Axes
 - Level 1.0 Throwing
 - Level 1.1 Armour
 - Level 2.1 Dodging
 - Level 2.0 Spellcasting
 - Level 2.4 Translocations


You had 6 spell levels left.
You didn't know any spells.
Your spell library contained the following spells:

 Spells                   Type           Power      Damage    Failure   Level
 Blink                    Tloc           14%        N/A       99%         2
 Gell's Gravitas          Tloc           7%         N/A       100%        3
 Lesser Beckoning         Tloc           7%         N/A       100%        3
 Teleport Other           Tloc           7%         N/A       100%        3
 Manifold Assault         Tloc           7%         N/A       100%        5

Inventory:

Hand Weapons
 b - a +0 morningstar
 Y - a +0 war axe (weapon)
Armour
 k - a +0 pair of gloves (worn)
 m - a +0 chain mail (worn)
Scrolls
 j - 2 scrolls of identify
Potions
 a - a potion of mutation {unknown}
 h - a potion of resistance {unknown}
 i - a potion of curing
 l - a potion of brilliance {unknown}

Dungeon Overview and Level Annotations

Branches:
Dungeon (2/15)

Altars:

Annotations:
D:2 Terence


Message History

A giant cockroach comes into view.
Enter note: You barely miss the giant cockroach.
The giant cockroach bites you but does no damage.
You barely miss the giant cockroach. You claw the giant cockroach.
The giant cockroach is almost dead.
The giant cockroach bites you.
The giant cockroach bites you but does no damage.
You slash the giant cockroach!
You kill the giant cockroach!
You start resting.
HP restored.
You open the door.
There is an open door here.
You open the door.
There is an open door here.
You open the door.
There is an open door here.
Found a stone staircase leading up.
Enter note:
Enter note:
Enter note: As you open the door, it creaks loudly!
There is an open door here.
There is an open door here.
Terence the Incautious comes into view.
He is wielding a +6 mace of holy wrath.
Terence shouts!
There is a stone staircase leading down here.
Enter note: You hit Terence but do no damage.
Terence hits you but does no damage.
You closely miss Terence. You claw Terence, but do no damage.
Your peck misses Terence.
Terence hits you with a +6 mace of holy wrath! x2
You barely miss Terence. You peck Terence, but do no damage.
Terence hits you with a +6 mace of holy wrath.
You hit Terence. You claw Terence, but do no damage. Your peck misses Terence.
Terence is lightly wounded.
Terence hits you with a +6 mace of holy wrath.
You die...

..# ##.......##.....###.#.#
..# #.#..##............#.#
#.# #.#.###.######.#####.#
#.# #.#.....# #.......# #.#
#.#.#.######## ######### #.#
#.#.#........# %.#
#.#.#..#####.#
#####.#.....####.#
....)...........@#
####...........[.@......
#...)###.####.####### #....#
#.# #.# #....# #.# #.#
#....# #.####.###########
#######.###................#
#...........####.#########.#
#...........'.......# #.#


You could see Terence.

Vanquished Creatures
  A gnoll (D:1)
  7 bats
  5 endoplasms
  5 giant cockroaches
  3 goblins
  2 hobgoblins (D:1)
  4 jackals (D:2)
  A quokka (D:2)
  6 ball pythons
  2 kobolds (D:1)
  4 rats
40 creatures vanquished.

Notes
Turn   | Place    | Note
-------+----------+-------------------------------------------
     0 | D:1      | qw the Tengu Warper began the quest for the Orb.
     0 | D:1      | Reached XP level 1. HP: 12/12 MP: 4/4
     0 | D:1      | 0 ||| qw: Version: 0.1-a-89-g26bdef1
     0 | D:1      | 0 ||| qw: Game counter: 1364
     0 | D:1      | 0 ||| qw: Always use a shield: true
     0 | D:1      | 0 ||| qw: God list: Okawaru
     0 | D:1      | 0 ||| qw: Allow faded altars: false
     0 | D:1      | 0 ||| qw: Do Orc after D:15 true
     0 | D:1      | 0 ||| qw: Do second Lair branch before Depths: true
     0 | D:1      | 0 ||| qw: Lair rune preference: random
     0 | D:1      | 0 ||| qw: Plans: Normal
     0 | D:1      | 0 ||| PLANNING D:1-11
   158 | D:1      | Reached XP level 2. HP: 17/17 MP: 6/6
   170 | D:1      | Reached skill level 3 in Axes
   502 | D:1      | Reached XP level 3. HP: 21/21 MP: 7/7
   582 | D:1      | 582 ||| Stepping ~*~*~tactically~*~*~ (stealth).
   585 | D:1      | 585 ||| Stepping ~*~*~tactically~*~*~ (stealth).
   705 | D:1      | Reached skill level 4 in Axes
   740 | D:1      | 740 ||| SWAPPING to +0 war axe.
   784 | D:1      | 784 ||| DROPPING +0 hand axe.
   829 | D:1      | 829 ||| UPGRADING to +0 pair of gloves.
   834 | D:1      | 834 ||| UPGRADING to +0 chain mail.
   844 | D:1      | 844 ||| DROPPING +0 leather armour.
   845 | D:1      | 845 ||| READING scroll labelled YDWE HIDAUBB.
   846 | D:1      | 846 ||| READING scroll labelled QEUTHE XODECIS.
   849 | D:1      | 849 ||| READING 2 scrolls labelled AGAUPUOKATYDD.
   850 | D:1      | 850 ||| DRINKING 2 glowing black potions.
   851 | D:1      | 851 ||| DRINKING 2 fizzy brown potions.
   852 | D:1      | 852 ||| DROPPING scroll of blinking.
   853 | D:1      | 853 ||| DROPPING potion of flight.
  1003 | D:2      | 1003 ||| DROPPING +0 club.
  1218 | D:2      | 1218 ||| DROPPING +0 whip.
  1860 | D:2      | Noticed Terence
  1863 | D:2      | HP: 3/21 [Terence/+6 mace of holy wrath (3)]
  1864 | D:2      | Slain by Terence

Levels and vault maps discovered:
D:1:      minmay_arrival_wavy_path, layout_rooms, minmay_misc_feat_nine_boxes
D:2:      layout_basic, grunt_ministairs_10, uniq_terence

Skill      XL: |  1  2  3 |
---------------+----------+-----
Axes           | 3 4 |  4.5
Fighting       | |  2.0
Throwing       | |  1.0
Armour         | |  1.1
Dodging        | |  2.1
Spellcasting   | |  2.0
Translocations | |  2.4

Action                   || total
-------------------------++-------
Melee: Hand axe          ||    30
       Kick              ||    15
       War axe           ||    56
       Peck              ||     7
Throw: Boomerang         ||     7
  Use: Scroll            ||     3
       Potion            ||     2
Armor: Leather armour    ||    13
       Chain mail        ||    34
Dodge: Dodged            ||    40

Table legend:
 A = Non-vault XP
 B = Vault XP
 C = Vault XP percentage of total XP
 D = Non-vault monster count
 E = Vault monster count
 F = Vault count percentage of total count
                 A         B        C        D         E       F
            +---------+---------+-------+---------+---------+-------
      Total |      78 |       3 |   3.7 |      38 |       2 |   5.0
            +---------+---------+-------+---------+---------+-------
        D:1 |      47 |       0 |   0.0 |      20 |       0 |   0.0
        D:2 |      31 |       3 |   8.8 |      18 |       2 |  10.0
            +---------+---------+-------+---------+---------+-------
